 Dungeon Crawl Stone Soup version 0.31-a0-221-gbddc013574 (webtiles) character file.

Game seed: 11971411065882024044

63 Nietzsche the Poker (level 3, 0/28 HPs)
             Began as a Demonspawn Gladiator on July 4, 2023.
             Slain by a goblin
             ... wielding a +0 club
             ... led by Robin
              (2 damage)
             ... on level 2 of the Dungeon.
             The game lasted 00:02:26 (1163 turns).

Nietzsche the Poker (Demonspawn Gladiator)          Turns: 1163, Time: 00:02:27

Health: 0/28       AC:  8    Str: 14    XL:     3   Next: 87%
Magic:  5/5        EV: 12    Int: 11    God:
Gold:   75         SH:  0    Dex: 14    Spells: 4/4 levels left

rFire   . . .        a - +0 trident
rCold   . . .        (no shield)
rNeg    . . .        b - +0 leather armour
rPois   .            c - +0 helmet
rElec   .            (no cloak)
rCorr   .            (no gloves)
SInv    .            (no boots)
Will    .....        (no amulet)
Stlth   +            g - +4 ring of protection
HPRegen 0.24/turn    (no ring)
MPRegen 0.09/turn

%: no passive effects
@: on berserk cooldown, slowed, very slow
A: powered by pain 1, demonic touch 1
a: no special abilities


You were on level 2 of the Dungeon.
You visited 1 branch of the dungeon, and saw 2 of its levels.

You collected 75 gold pieces.

Inventory:

Hand Weapons
 a - a +0 trident (weapon)
Missiles
 d - 3 throwing nets (quivered)
 e - a javelin
Armour
 b - a +0 leather armour (worn)
 c - a +0 helmet (worn)
Jewellery
 g - a +4 ring of protection (left hand)
 k - a ring of protection from cold
Scrolls
 j - a scroll of identify {unknown}
 l - a scroll of immolation {unknown}
Potions
 h - a potion of attraction {unknown}
 i - a potion of brilliance {unknown}


   Skills:
 + Level 2.3 Fighting
 + Level 3.3 Polearms
 - Level 1.7 Throwing
 + Level 0.4 Armour
 + Level 3.1 Dodging
 + Level 0.2 Stealth
 * Level 1.4 Spellcasting


You had 4 spell levels left.
You didn't know any spells.
Your spell library was empty.

Dungeon Overview and Level Annotations

Branches:
Dungeon (2/15)

Altars:

Annotations:
D:2 Robin


Innate Abilities, Weirdness & Mutations

You sometimes gain a little power by taking damage.
Your touch may inflict minor irresistible damage on your foes.


Message History

You reach to attack!
You closely miss the goblin. The goblin hits you but does no damage.
You hit the goblin.
You touch the goblin.
You kill the goblin!
The hobgoblin completely misses you.
You hit the hobgoblin.
You touch the hobgoblin.
You kill the hobgoblin!
Something hits you but does no damage.
You puncture the endoplasm!
You kill the endoplasm!
Something hits you. Something throws the goblin at you!
You closely miss the goblin.
The goblin no longer looks unusually strong.
The goblin hits you but does no damage. Something completely misses you.
The goblin closely misses you.
You hit the goblin.
The goblin is moderately wounded.
The goblin barely misses you.
The goblin goes into a battle-frenzy!
The goblin hits you with a +0 club. Something hits you.
You are too injured to fight recklessly!
You are too injured to fight recklessly!
You are too injured to fight recklessly!
You are too injured to fight recklessly!
You hit the goblin. Your touch misses the goblin.
The goblin is heavily wounded.
Something hits you but does no damage. The goblin hits you but does no damage.
You puncture the goblin!
You kill the goblin!
Something hits you but does no damage. x2
Something hits you.
You see here a +0 club.
Something throws the goblin at you!
You are too injured to fight recklessly!
You miss the goblin. The goblin hits you with a +0 club. Something hits you.
* * * LOW HITPOINT WARNING * * *
Something hits you.
* * * LOW HITPOINT WARNING * * *
The goblin hits you with a +0 club.
You die...

....###### .....g...#
........# #......###
#......#.#
###......#.#
...........#
.........#)#####
.........#.)@g.#
.........#####.#
.......... #...#
...#######.#.##### ...
.#.....# .. #.#####.#
######## #.#####.#
#####......# #.##....#
...........###.###.###


You could see a goblin (strong).

Vanquished Creatures
  Jessica (D:2)
  A dart slug (D:2)
  5 ball pythons
  4 bats
  4 endoplasms
  9 goblins
  2 hobgoblins (D:2)
  A quokka (D:1)
  3 kobolds (D:1)
  A rat (D:2)
31 creatures vanquished.

Notes
Turn   | Place    | Note
-------+----------+-------------------------------------------
     0 | D:1      | Nietzsche the Demonspawn Gladiator began the quest for the
                  | Orb.
     0 | D:1      | Reached XP level 1. HP: 16/16 MP: 1/1
   411 | D:1      | Gained mutation: Your touch may inflict minor irresistible
                  | damage on your foes. [demonic ancestry]
   411 | D:1      | Reached XP level 2. HP: 22/22 MP: 2/2
  1020 | D:2      | Reached skill level 1 in Spellcasting
  1127 | D:2      | Noticed Jessica
  1130 | D:2      | Noticed Robin
  1144 | D:2      | Killed Jessica
  1145 | D:2      | Gained mutation: You sometimes gain a little power by
                  | taking damage. [demonic ancestry]
  1145 | D:2      | Reached XP level 3. HP: 25/27 MP: 3/5
  1163 | D:2      | Slain by a goblin

Illustrated notes

Levels and vault maps discovered:
D:1:      lightli_arrival_quake, layout_basic, nicolae_hexahallways
D:2:      layout_basic, shapermc_ecumenical_altar_rom_forum,
          uniq_crazy_yiuf_cottage, uniq_robin, uniq_jessica

Skill      XL: |  1  2 |
---------------+-------+-----
Polearms       | 3 |  3.3
Dodging        | 3 |  3.1
Spellcasting   | 1 |  1.4
Fighting       | |  2.3
Throwing       | |  1.7
Armour         | |  0.4
Stealth        | |  0.2

Action                     || total
---------------------------++-------
  Melee: Trident           ||    64
         Touch             ||     6
    Use: Potion            ||     1
   Stab: Sleeping          ||     2
 Armour: Leather armour    ||    26
  Dodge: Dodged            ||    33

Table legend: (Time is in decaauts)
 A = Elapsed time spent in this place.
 B = Non-inter-level travel time spent in this place.
 C = Inter-level travel time spent in this place.
 D = Time resting spent in this place.
 E = Time spent auto-exploring this place.
 F = Levels seen in this place.
 G = Mean time per level.
                   A        B        C        D        E       F      G
               +--------+--------+--------+--------+--------+-----+--------+
         Total |   1173 |   1173 |      0 |     52 |    859 |   2 |  586.5 |
       Dungeon |   1173 |   1173 |      0 |     52 |    859 |   2 |  586.5 |
               +--------+--------+--------+--------+--------+-----+--------+

Top non-repeatable levels by time:
     D:1: 919 daAuts
     D:2: 254 daAuts
